 Dungeon Crawl Stone Soup version 0.20.1-1-g8b1a95d (webtiles) character file.

5070 Knicklaso the Basher (level 10, -3/147 HPs)
             Began as an Ogre Warper on July 26, 2017.
             Was a Believer of the Shining One.
             Slain by a killer bee (4 damage)
             ... on level 9 of the Dungeon.
             The game lasted 00:31:47 (10454 turns).

Knicklaso the Basher (Ogre Warper)                 Turns: 10454, Time: 00:31:47

Health: -3/147     AC: 25    Str: 20    XL:     10   Next: 56%
Magic:  13/18      EV:  1    Int: 14    God:    the Shining One [**....]
Gold:   124        SH:  0    Dex: 13    Spells: 15/19 levels left

rFire    . . .     SeeInvis .   O - -3 dire flail (curse)
rCold    . . .     Gourm    .   (shield currently unavailable)
rNeg     + + +     Faith    .   (armour currently unavailable)
rPois    +         Spirit   .   (helmet currently unavailable)
rElec    .         Reflect  .   (cloak currently unavailable)
rCorr    .         Harm     .   (gloves unavailable)
MR       +....     NoTele   +   (boots unavailable)
Stlth    ++........             (no amulet)
Regen    0.4/turn               y - ring of stealth
MPRegen  0.2/turn               q - ring of positive energy

@: agile, lethally poisoned (-3 -> -4), tree-form, very slightly contaminated,
glowing
A: unfitting armour
a: Divine Shield, Renounce Religion


You were on level 9 of the Dungeon.
You worshipped the Shining One.
The Shining One was pleased with you.
You were not hungry.
You were a tree.
You visited 2 branches of the dungeon, and saw 10 of its levels.

You collected 371 gold pieces.
You spent 247 gold pieces at shops.

Inventory:

Hand Weapons
 D - a +1 mace of venom
 O - a cursed -3 dire flail (weapon)
 P - a +0 giant spiked club
 U - the +3 whip "Lorem Ipsum" {slash, Str+7, unknown}
   (You found it on level 8 of the Dungeon)

   It inflicts extra damage upon your enemies.
   It affects your strength (+7).
Missiles
 e - 5 tomahawks of dispersal
 E - 24 tomahawks (quivered)
Armour
 A - +0 ice dragon scales (melded)
 L - a cursed +0 robe
Jewellery
 j - an uncursed ring of magical power
 q - a ring of positive energy (right branch)
 y - a ring of stealth (left branch)
 G - an uncursed amulet of rage {unknown}
 Q - a cursed ring of loudness {unknown}
Wands
 b - a wand of scattershot (9/9)
 h - a wand of confusion (40/48)
 v - a wand of iceblast (6/15)
 C - a wand of lightning (8/15)
Scrolls
 d - a scroll of blinking
 g - 2 scrolls of magic mapping {unknown}
 m - a scroll of fog
 t - a scroll of random uselessness {unknown}
 H - 2 scrolls of teleportation {unknown}
 M - a scroll of enchant weapon {unknown}
 R - a scroll of silence {unknown}
 S - a scroll of identify
 T - a scroll of enchant armour {unknown}
 V - a scroll of brand weapon {unknown}
Potions
 i - 3 potions of ambrosia
 k - 2 potions of brilliance
 o - 2 potions of flight
 p - a potion of resistance
 s - a potion of agility
 u - a potion of cancellation {unknown}
 w - a potion of lignification
 x - a potion of mutation {unknown}
 B - 5 potions of might
 J - a potion of invisibility {unknown}
 N - a potion of berserk rage {unknown}
 X - 2 potions of haste
 Y - 2 potions of magic {unknown}
Books
 c - a book of Spatial Translocations

   Spells                             Type                      Level
   a - Blink                          Translocation                2
   b - Shroud of Golubria             Charms/Translocation         2
   c - Lesser Beckoning               Translocation                3
   d - Gell's Gravitas                Translocation                3
   e - Teleport Other                 Translocation                3
   f - Passage of Golubria            Translocation                4
 r - a book of Air

   Spells                             Type                      Level
   a - Shock                          Conjuration/Air              1
   b - Swiftness                      Charms/Air                   2
   c - Static Discharge               Conjuration/Air              3
   d - Airstrike                      Air                          4
   e - Lightning Bolt                 Conjuration/Air              5
 K - a book of Geomancy

   Spells                             Type                      Level
   a - Sandblast                      Earth                        1
   b - Passwall                       Transmutation/Earth          2
   c - Stone Arrow                    Conjuration/Earth            3
   d - Petrify                        Transmutation/Earth          4
   e - Lee's Rapid Deconstruction     Earth                        5
 W - a book of Frost

   Spells                             Type                      Level
   a - Freeze                         Ice                          1
   b - Throw Frost                    Conjuration/Ice              2
   c - Ozocubu's Armour               Charms/Ice                   3
   d - Throw Icicle                   Conjuration/Ice              4
   e - Summon Ice Beast               Ice/Summoning                4
Miscellaneous
 Z - a fan of gales
Comestibles
 f - 6 bread rations
 l - 7 royal jellies
 n - a fruit
 z - a meat ration


   Skills:
 + Level 6.1 Fighting
 * Level 10.1 Maces & Flails
 + Level 3.9 Throwing
 + Level 2.9 Armour
 + Level 4.0 Dodging
 + Level 5.3 Spellcasting
 + Level 4.6 Translocations
 + Level 4.0 Invocations


You had 15 spell levels left.
You knew the following spells:

 Your Spells              Type           Power        Failure   Level  Hunger
a - Shroud of Golubria    Chrm/Tloc      ##........   10%         2    ##.....
b - Blink                 Tloc           N/A          3%          2    ##.....


Dungeon Overview and Level Annotations

Branches:
Dungeon (9/15)             Temple (1/1) D:4
   Lair: D:8-11         Orc: D:9-12

Altars:
Ashenzari
Cheibriados
Dithmenos
Elyvilon
Fedhas
Gozag
Hepliaklqana
Kikubaaqudgha
Makhleb
Nemelex Xobeh
Okawaru
Qazlal
Ru
Sif Muna
Trog
Uskayaw
Vehumet
Xom
Yredelemnul
Zin
The Shining One

Shops:
D:4 =   D:7 =   D:8 **![


Innate Abilities, Weirdness & Mutations

You are too large for most types of armour.
((You have tough skin. (AC +1)))


Message History

You hit the jackal.
You kill the jackal!
The killer bee stings you but does no damage. x4
You closely miss the jackal.
The killer bee stings you but does no damage. x5
The jackal bites you.
* * * LOW HITPOINT WARNING * * *
The killer bee stings you but does no damage.
You puncture the jackal!
You kill the jackal!
The killer bee stings you.
* * * LOW HITPOINT WARNING * * *
The killer bee stings you.
* * * LOW HITPOINT WARNING * * *
You are lethally poisoned!
The killer bee poisons you!
The jackal bites you but does no damage.
The killer bee stings you but does no damage.
The killer bee stings you.
You die...

.#
....##....###....†...#
.#
..y.##....#§.§.......#
.#
..........#§§§§......#
.#
..........#§§§.......#
.#
..........#§§§§..##..#
.#
.y........#§.§.......#
#####
######....#..........#
.....
....######.....$... #
.....
......†♣yh.........
.....
###...hyy.....###..
.#### ..............#
.. .###
......####.......
..... ...... ........
..... ...... .........
##### ##### #########


You could see 3 killer bees and 2 jackals.

Vanquished Creatures
  A two-headed ogre (D:7)
  The ghost of schorsch312 the Carver, a novice HOFi of Makhleb (D:7)
  Prince Ribbit (D:7)
  Grinder (D:6)
  Duvessa (D:7)
  A sky beast (D:6)
  A black bear (D:7)
  An ice beast (D:7)
  A phantom (D:7)
  An ogre (D:7)
  A necrophage (D:8)
  4 centaurs
  A bullfrog (D:6)
  3 scorpions
  A water moccasin skeleton (D:4)
  Dowan (D:7)
  6 killer bees
  4 wights
  2 howler monkeys
  3 crimson imps
  A centaur zombie (D:7)
  A quasit (D:5)
  3 orc priests
  3 hounds
  5 jellies
  13 orc wizards
  A bullfrog skeleton (D:7)
  2 centaur skeletons
  Jessica (D:3)
  Terence (D:3)
  7 worker ants
  A worker ant zombie (D:5)
  Robin (D:3)
  8 gnolls
  6 adders
  3 shadow imps
  2 adder skeletons
  4 worms
  5 leopard geckos
  34 orcs
  8 giant cockroaches
  6 hobgoblins
  11 jackals
  6 kobolds
  3 quokkas
  A ball python (D:5)
  8 bats
  6 frilled lizards
  10 goblins
  A quokka skeleton (D:5)
  A quokka zombie (D:6)
  4 rats
203 creatures vanquished.

Vanquished Creatures (others)
  A ball python (D:2)
1 creature vanquished.

Grand Total: 204 creatures vanquished

Notes
Turn   | Place    | Note
-------+----------+-------------------------------------------
     0 | D:1      | Knicklaso the Ogre Warper began the quest for the Orb.
     0 | D:1      | Reached XP level 1. HP: 22/22 MP: 3/3
   126 | D:1      | Reached skill level 2 in Maces & Flails
   442 | D:1      | Reached XP level 2. HP: 27/31 MP: 5/5
   481 | D:1      | Learned a level 2 spell: Shroud of Golubria
   484 | D:1      | Learned a level 2 spell: Blink
   924 | D:2      | Reached XP level 3. HP: 35/37 MP: 6/6
  1017 | D:2      | Reached skill level 3 in Maces & Flails
  1488 | D:2      | Reached XP level 4. HP: 22/45 MP: 1/7
  1701 | D:3      | Reached skill level 4 in Maces & Flails
  1984 | D:3      | Noticed Jessica
  2007 | D:3      | Killed Jessica
  2007 | D:3      | Reached XP level 5. HP: 51/53 MP: 5/8
  2427 | D:3      | Noticed Terence
  2486 | D:3      | Killed Terence
  2677 | D:3      | Reached skill level 5 in Maces & Flails
  2753 | D:3      | Reached XP level 6. HP: 38/61 MP: 9/9
  3012 | D:3      | Noticed Robin
  3079 | D:3      | Killed Robin
  3475 | D:4      | Reached skill level 6 in Maces & Flails
  3777 | D:4      | Found a sacrificial altar of Ru.
  3817 | D:4      | Found Tysautsi's Jewellery Shoppe.
  3822 | D:4      | Found a staircase to the Ecumenical Temple.
  3830 | D:4      | Found a hazy altar of Hepliaklqana.
  3844 | Temple   | Entered the Ecumenical Temple
  4135 | Temple   | Became a worshipper of the Shining One
  4237 | D:4      | Reached XP level 7. HP: 30/67 MP: 2/10
  4701 | D:4      | Found a glowing silver altar of Zin.
  5011 | D:5      | Entered Level 5 of the Dungeon
  5017 | D:5      | Reached skill level 7 in Maces & Flails
  5251 | D:5      | Found a shadowy altar of Dithmenos.
  5422 | D:5      | Reached skill level 8 in Maces & Flails
  5620 | D:5      | Reached * piety under the Shining One
  5622 | D:5      | Found a stormy altar of Qazlal.
  5640 | D:5      | Reached XP level 8. HP: 57/75 MP: 7/11
  5912 | D:5      | Noticed an air elemental
  5918 | D:5      | Noticed a water elemental
  6004 | D:5      | Found a burning altar of Makhleb.
  6191 | D:6      | Found a blossoming altar of Fedhas.
  6413 | D:6      | Noticed Grinder
  6426 | D:6      | Paralysed by Grinder for 3 turns
  6433 | D:6      | Killed Grinder
  6483 | D:6      | Reached skill level 1 in Invocations
  6496 | D:6      | Reached skill level 1 in Armour
  6686 | D:6      | Reached skill level 9 in Maces & Flails
  6757 | D:6      | Found a white marble altar of Elyvilon.
  6878 | D:7      | Found Zuc Weogh's Jewellery Shoppe.
  6881 | D:7      | Noticed Prince Ribbit
  6911 | D:7      | Killed Prince Ribbit
  6911 | D:7      | Reached XP level 9. HP: 55/84 MP: 11/14
  7282 | D:7      | Noticed schorsch312's ghost (novice HOFi)
  7314 | D:7      | Killed schorsch312's ghost
  7617 | D:7      | Noticed Dowan
  7634 | D:7      | Killed Dowan
  7648 | D:7      | Noticed Duvessa
  7660 | D:7      | Killed Duvessa
  7660 | D:7      | Reached skill level 5 in Fighting
  8114 | D:7      | Reached ** piety under the Shining One
  8659 | D:7      | Reached XP level 10. HP: 87/96 MP: 16/16
  8704 | D:8      | Found Xoyjahou's Assorted Antiques.
  8704 | D:8      | Noticed a two-headed ogre
  8724 | D:7      | Killed a two-headed ogre
  8889 | D:7      | Reached skill level 10 in Maces & Flails
  9035 | D:8      | Reached skill level 5 in Spellcasting
  9197 | D:8      | Got an iridescent whip
  9221 | D:8      | Found Vitofilo's Armour Shop.
  9276 | D:8      | Found Tuxer's Distillery.
  9287 | D:8      | Bought 2 potions of curing for 78 gold pieces
  9287 | D:8      | Bought a potion of lignification for 39 gold pieces
  9287 | D:8      | Bought a potion of haste for 130 gold pieces
  9416 | D:8      | Found Qopiol Luda's Assorted Antiques.
  9861 | D:9      | Found a shattered altar of Ashenzari.
 10451 | D:9      | HP: 4/147 [killer bee (6)]
 10454 | D:9      | HP: 1/147 [killer bee (1)]
 10454 | D:9      | Slain by a killer bee

Skill      XL: |  1  2  3  4  5  6  7  8  9 10 |
---------------+-------------------------------+-----
Maces & Flails | 2 3 4 5 6 8 9 10 | 10.1
Fighting       | 3 4 5 6 |  6.1
Translocations | 3 4 |  4.6
Invocations    | 2 3 4 |  4.0
Armour         | 1 2 |  2.9
Spellcasting   | 3 4 5 |  5.3
Throwing       | 2 3 |  3.9
Dodging        | 3 4 |  4.0

Action                   |  1- 3 |  4- 6 |  7- 9 | 10-12 || total
-------------------------+-------+-------+-------+-------++-------
Melee: Mace              |    36 |       |       |     6 ||    42
       Short sword       |    35 |       |   298 |     2 ||   335
       Whip              |    34 |   425 |    38 |       ||   497
       Dire flail        |       |       |       |   189 ||   189
Throw: Stone             |     8 |    28 |       |       ||    36
       Tomahawk          |       |       |     4 |     3 ||     7
 Cast: Shroud of Golubri |     4 |    10 |     6 |     3 ||    23
       Blink             |       |       |       |     2 ||     2
  Use: Scroll            |     8 |       |     5 |     2 ||    15
       Potion            |       |     1 |       |     9 ||    10
  Eat: Chunk             |     2 |    10 |    16 |     5 ||    33
       Fruit             |       |       |     1 |     1 ||     2
Armor: Robe              |    20 |       |       |       ||    20
       Ice dragon scales |    53 |   256 |   203 |    95 ||   607
       Skin              |       |       |       |    43 ||    43
Dodge: Dodged            |    61 |   131 |   139 |    99 ||   430
